cohdb
Replays
Latest Replays
All Replays
Popular Replays
Top Player Replays
Match Explorer
How It Works
Community
CoH3 Stats
Reddit
Sign in to upload your games and track your stats! →
Sign in with Steam
Match 43670685
Unlisted
Match 43670685
Overview
Messages
Build Orders
End
Construct Barracks
Selects Armored Battlegroup
Selects Veteran Crews
1⁄4-ton 4x4 Truck
Riflemen Squad
Riflemen Squad
Engineer Squad
Riflemen Squad
Mechanized Support Center
Construct Motor Pool
Selects Fast Deploy
M8 Greyhound Armored Car
M8 Greyhound Armored Car
Improvised Armor
Grenade Package
Selects M8 Scott SPG
Selects UNKNOWN (2160077)
M1 Anti-tank Gun Team
Selects M31 Recovery Vehicle
Selects War Machine
M31 Recovery Vehicle
Construct Tank Depot
Designate Forward Repair Station
E-zy
Bruistablet
Professor gibberish
David Attenborough
yeti
Blabby_Elm_2.0
0
0
Comments
sign in to comment!
No comments posted yet!